 Dungeon Crawl Stone Soup version 0.29.0-4-gdea44cf6ec (webtiles) character file.

Game seed: 6213531794389332922

12842 qw the Cleaver (level 11, -1/63 HPs)
             Began as a Tengu Warper on Aug 28, 2022.
             Was a High Priest of Okawaru.
             Killed from afar by a gargoyle (22 damage)
             ... with a stone arrow
             ... on level 10 of the Dungeon.
             The game lasted 00:01:13 (13030 turns).

qw the Cleaver (Tengu Warper)                      Turns: 13030, Time: 00:01:14

Health: -1/63      AC: 39    Str: 15    XL:     11   Next: 99%
Magic:  26/27      EV:  3    Int: 12    God:    Okawaru [*****.]
Gold:   615        SH: 19    Dex: 14    Spells: 14/14 levels left

rFire   . . .      SeeInvis .   Y - +4 hand axe
rCold   . . .      Faith    .   l - +0 tower shield
rNeg    + . .      Spirit   .   a - +14 crystal plate armour "Dami Lit" {rN+ Will+ MP+9}
rPois   +          Reflect  .   (helmet restricted)
rElec   .          Harm     .   o - +0 cloak
rCorr   .          Rampage  .   b - +1 pair of gloves
Will    .....                   (boots unavailable)
Stlth   ..........              d - amulet of the acrobat
HPRegen 0.20/turn               e - ring of poison resistance
MPRegen 0.20/turn               p - +4 ring of slaying {mikee}

@: weak-willed, heroic, flying quickly and evasively, quick
A: beak, talons 3, nimble flight, antennae 1, dopey 1
a: Renounce Religion, Heroism, Finesse, Duel


You were on level 10 of the Dungeon.
You worshipped Okawaru.
Okawaru was extremely pleased with you.
You visited 2 branches of the dungeon, and saw 12 of its levels.

You collected 645 gold pieces.
You spent 30 gold pieces at shops.


Innate Abilities, Weirdness & Mutations

You have a beak for a mouth.
You have claws for feet.
Your magical nature lets you fly swiftly and evasively.
You have a pair of small antennae on your head.
You are dopey. (Int -2)


   Skills:
 - Level 5.1(10.1) Fighting
 - Level 11.0(16.0) Axes
 - Level 3.0(8.0) Throwing
 + Level 7.3(12.3) Armour
 - Level 2.1(7.1) Dodging
 - Level 10.4(15.4) Shields
 - Level 2.0 Spellcasting
 - Level 2.4 Translocations
 + Level 8.1 Invocations


You had 14 spell levels left.
You didn't know any spells.
Your spell library contained the following spells:

 Spells                   Type           Power      Damage    Failure   Level
 Blink                    Tloc           12%        N/A       100%        2
 Gell's Gravitas          Tloc           6%         N/A       100%        3
 Lesser Beckoning         Tloc           6%         N/A       100%        3
 Teleport Other           Tloc           6%         N/A       100%        3
 Manifold Assault         Tloc           6%         N/A       100%        5

Inventory:

Hand Weapons
 s - a +0 morningstar
 Y - a +4 hand axe (weapon)
Missiles
 m - a silver javelin
 q - 5 boomerangs (quivered)
Armour
 a - the +14 crystal plate armour "Dami Lit" (worn) {rN+ Will+ MP+9}
   (You acquired it on level 9 of the Dungeon)

   rN:        It protects you from negative energy.
   MP:        It affects your magic capacity (+9).
   Will:      It increases your willpower.
 b - a +1 pair of gloves (worn)
 l - a +0 tower shield (worn)
 o - a +0 cloak (worn)
Jewellery
 d - an amulet of the acrobat (around neck)
 e - a ring of poison resistance (left hand)
 f - a ring of resist corrosion
 p - a +4 ring of slaying (right hand) {mikee}
 r - a ring of protection from cold
Scrolls
 c - a scroll of teleportation
 g - 6 scrolls of identify
Potions
 h - 7 potions of curing
 i - a potion of might
 j - 2 potions of mutation
 n - 2 potions of resistance

Dungeon Overview and Level Annotations

Branches:
Dungeon (11/15)            Temple (1/1) D:4            Lair (0/5) D:10
    Orc (0/2) D:10

Altars:
Ashenzari
Cheibriados
Dithmenos
Elyvilon
Fedhas
Gozag
Hepliaklqana
Kikubaaqudgha
Makhleb
Nemelex Xobeh
Okawaru
Qazlal
Ru
Sif Muna
Trog
Uskayaw
Vehumet
Wu Jian
Xom
Yredelemnul
Zin
The Shining One
Lugonu

Shops:
D:1 :*[((   D:6 *

Annotations:
D:10 4 transporters


Message History

You block the stone arrow.
You hit the gargoyle but do no damage. Your kick misses the gargoyle.
The gargoyle is heavily damaged.
The gargoyle hurls a stone arrow at you.
You block the stone arrow.
You barely miss the gargoyle.
You claw the gargoyle, but do no damage.
You peck the gargoyle, but do no damage.
The gargoyle is heavily damaged.
The gargoyle hits you with a +0 mace!
You hit the gargoyle.
You peck the gargoyle, but do no damage.
The gargoyle is heavily damaged.
The gargoyle hurls a stone arrow at you.
The stone arrow hits you!!
13024 ||| INVOKING Heroism.
You gain the combat prowess of a mighty hero.
The gargoyle hits you with a +0 mace!
You hit the gargoyle but do no damage. You claw the gargoyle.
The gargoyle is severely damaged.
The gargoyle hits you but does no damage.
You barely miss the gargoyle.
You peck the gargoyle, but do no damage.
The gargoyle is severely damaged.
You block the gargoyle's attack.
You hit the gargoyle but do no damage.
You claw the gargoyle, but do no damage.
The gargoyle is severely damaged.
You block the gargoyle's attack.
You hit the gargoyle.
The gargoyle is severely damaged.
You block the gargoyle's attack.
You hit the gargoyle. Your kick misses the gargoyle.
The gargoyle is almost destroyed.
You hit the gargoyle but do no damage.
You claw the gargoyle, but do no damage.
The gargoyle is almost destroyed.
The gargoyle hurls a stone arrow at you.
The stone arrow hits you!!
You die...

...)......................>#
##........################.#
##........# #.###### ..........#
#.##.... ...######## #.##.###
...# #.##.#.. ##.#
####################.##.#.# #.#
#.....8#8.9.8#8......##.#.#
##.####......#..@..#.......##.#.#
............^#^.>.^#^......##.#.#
#....##......#.....#.......##.#.#
#....##.....8#8...8#8......##.#.#
##########################.##.#.#
..# #####.##.#.# #.# #......#.#.#
#.# #......#.#.# #.# ### ###
#......#.#.#


You could see a gargoyle.

Vanquished Creatures
  2 boulder beetles
  Erolcha (D:10)
  3 two-headed ogres
  Pikel (D:7)
  A deep elf pyromancer (D:7)
  A cyclops (D:11)
  Joseph (D:7)
  A gargoyle (D:11)
  3 kobold demonologists (D:11)
  2 trolls
  A hornet (D:11)
  2 shadows (D:11)
  A vampire (D:11)
  2 wyverns (D:8)
  8 yaks (D:10)
  A steam dragon (D:9)
  2 acid dragons (D:11)
  4 black bears
  2 orc warriors
  A sky beast (D:7)
  An ogre (D:5)
  10 centaurs
  3 lemures
  A phantom (D:4)
  A kobold brigand (D:9)
  3 bullfrogs
  5 scorpions
  16 killer bees
  4 howler monkeys
  A lava snake (D:11)
  A gnoll bouda (D:6)
  6 orc priests
  3 hounds
  A jelly (D:6)
  Ijyb (D:3)
  6 orc wizards
  3 iguanas
  9 adders
  4 gnolls (D:6)
  A shadow imp (D:7)
  A white imp (D:5)
  2 worms
  23 orcs
  9 ball pythons
  3 endoplasms
  2 giant cockroaches
  8 goblins
  3 hobgoblins
  4 jackals (D:2)
  10 kobolds
  2 quokkas
  5 bats
  4 frilled lizards
  A quokka zombie (D:8)
  8 rats
  A rat zombie (D:8)
206 creatures vanquished.

Vanquished Creatures (others)
  8 demonic plants (D:11)
  2 plants (D:11)
10 creatures vanquished.

Grand Total: 216 creatures vanquished

Notes
Turn   | Place    | Note
-------+----------+-------------------------------------------
     0 | D:1      | qw the Tengu Warper began the quest for the Orb.
     0 | D:1      | Reached XP level 1. HP: 12/12 MP: 4/4
     0 | D:1      | 0 ||| qw: Version: 0.1-a-89-g26bdef1
     0 | D:1      | 0 ||| qw: Game counter: 2134
     0 | D:1      | 0 ||| qw: Always use a shield: true
     0 | D:1      | 0 ||| qw: God list: Okawaru
     0 | D:1      | 0 ||| qw: Allow faded altars: false
     0 | D:1      | 0 ||| qw: Do Orc after D:15 true
     0 | D:1      | 0 ||| qw: Do second Lair branch before Depths: true
     0 | D:1      | 0 ||| qw: Lair rune preference: random
     0 | D:1      | 0 ||| qw: Plans: Normal
     0 | D:1      | 0 ||| PLANNING D:1-11
    19 | D:1      | Found Puiruaqe's Assorted Antiques.
    22 | D:1      | 22 ||| READING 2 scrolls labelled XUHUSA EMYZENA.
    25 | D:1      | 25 ||| READING scroll of enchant weapon.
    25 | D:1      | 25 ||| ENCHANTING +1 hand axe.
    31 | D:1      | 31 ||| SHOPLISTING 2 dark potions (45 gold, have 0).
    31 | D:1      | 31 ||| SHOPLISTING lumpy inky potion (22 gold, have 0).
    31 | D:1      | 31 ||| SHOPLISTING pair of shimmering gloves (237 gold,
                  | have 0).
    31 | D:1      | 31 ||| SHOPLISTING scroll labelled NAMOAZX AFFEO (25 gold,
                  | have 0).
    31 | D:1      | 31 ||| SHOPLISTING scroll labelled QUPIBE ZOUHI (25 gold,
                  | have 0).
    31 | D:1      | 31 ||| SHOPLISTING sedimented emerald potion (22 gold, have
                  | 0).
    31 | D:1      | 31 ||| SHOPLISTING square golden amulet (125 gold, have 0).
   239 | D:1      | 239 ||| Stepping ~*~*~tactically~*~*~ (stealth).
   245 | D:1      | Reached skill level 3 in Axes
   245 | D:1      | Reached XP level 2. HP: 17/17 MP: 6/6
   344 | D:1      | Found Pepoixt's Antique Weapon Shop.
   442 | D:1      | 442 ||| SHOPLISTING whip (70 gold, have 54).
   538 | D:1      | Found Ubuhyomm's Weapon Emporium.
   545 | D:1      | Found Jimp's Armour Emporium.
   552 | D:1      | 552 ||| Stepping ~*~*~tactically~*~*~ (stealth).
   574 | D:1      | 574 ||| Stepping ~*~*~tactically~*~*~ (stealth).
   575 | D:1      | 575 ||| Stepping ~*~*~tactically~*~*~ (stealth).
   628 | D:1      | 628 ||| SHOPLISTING +0 plate armour (322 gold, have 59).
   628 | D:1      | 628 ||| SHOPLISTING +2 buckler (231 gold, have 59).
   740 | D:1      | 740 ||| Stepping ~*~*~tactically~*~*~ (stealth).
   771 | D:1      | Found Buixaalale's Book Shoppe.
  1040 | D:1      | 1040 ||| UPGRADING to +2 chain mail of positive energy.
  1050 | D:1      | 1050 ||| DROPPING +0 leather armour.
  1051 | D:1      | 1051 ||| READING scroll labelled NIALE CAETUTESM.
  1152 | D:1      | 1152 ||| READING 3 scrolls labelled NIDGHES KOIRAU.
  1153 | D:1      | 1153 ||| READING 2 scrolls of identify.
  1153 | D:1      | 1153 ||| IDENTIFYING bubbling green potion
  1154 | D:1      | 1154 ||| DROPPING scroll of blinking.
  1155 | D:1      | 1155 ||| DROPPING potion of invisibility.
  1195 | D:1      | Reached XP level 3. HP: 21/21 MP: 7/7
  1238 | D:2      | 1238 ||| Stepping ~*~*~tactically~*~*~ (stealth).
  1240 | D:2      | 1240 ||| Stepping ~*~*~tactically~*~*~ (stealth).
  1259 | D:2      | 1259 ||| Stepping ~*~*~tactically~*~*~ (stealth).
  1309 | D:2      | 1309 ||| DROPPING +0 club.
  1396 | D:2      | 1396 ||| Stepping ~*~*~tactically~*~*~ (stealth).
  1407 | D:2      | Reached skill level 4 in Axes
  1489 | D:2      | 1489 ||| READING scroll of enchant weapon.
  1489 | D:2      | 1489 ||| ENCHANTING +2 hand axe.
  1808 | D:2      | 1808 ||| UPGRADING to +0 pair of gloves.
  1813 | D:2      | 1813 ||| DROPPING amulet of faith.
  1814 | D:2      | 1814 ||| READING scroll labelled TOH VAOWU LEES.
  1817 | D:2      | 1817 ||| READING scroll labelled GUXYUCWUOMP.
  1818 | D:2      | 1818 ||| DRINKING 2 dark potions.
  1912 | D:3      | Reached XP level 4. HP: 20/26 MP: 8/8
  2018 | D:3      | 2018 ||| READING scroll of enchant weapon.
  2018 | D:3      | 2018 ||| ENCHANTING +3 hand axe.
  2048 | D:3      | Noticed a centaur
  2049 | D:3      | 2049 ||| Stepping ~*~*~tactically~*~*~ (stealth).
  2073 | D:3      | 2073 ||| Stepping ~*~*~tactically~*~*~ (hiding).
  2075 | D:3      | 2075 ||| Stepping ~*~*~tactically~*~*~ (hiding).
  2076 | D:3      | 2076 ||| Stepping ~*~*~tactically~*~*~ (hiding).
  2082 | D:3      | Killed a centaur
  2083 | D:3      | Reached skill level 5 in Axes
  2083 | D:3      | Gained mutation: Your magical nature lets you fly swiftly
                  | and evasively. [Tengu growth]
  2083 | D:3      | Reached XP level 5. HP: 15/30 MP: 9/9
  2088 | D:3      | 2088 ||| FLEEEEING.
  2090 | D:3      | 2090 ||| FLEEEEING.
  2109 | D:3      | 2109 ||| FLEEEEING.
  2286 | D:3      | 2286 ||| Stepping ~*~*~tactically~*~*~ (stealth).
  2292 | D:3      | 2292 ||| FLEEEEING.
  2298 | D:3      | 2298 ||| STAIRDANCE
  2319 | D:2      | 2319 ||| UPGRADING to +4 ring of slaying {mikee}.
  2320 | D:2      | 2320 ||| DRINKING 2 metallic emerald potions.
  2320 | D:2      | Gained mutation: You are dopey. (Int -2) [potion of
                  | mutation]
  2320 | D:2      | Gained mutation: You have a pair of small antennae on your
                  | head. [potion of mutation]
  2449 | D:3      | 2449 ||| Stepping ~*~*~tactically~*~*~ (stealth).
  2460 | D:3      | 2460 ||| Stepping ~*~*~tactically~*~*~ (stealth).
  2527 | D:3      | 2527 ||| Stepping ~*~*~tactically~*~*~ (stealth).
  2607 | D:3      | Noticed Ijyb
  2620 | D:3      | Killed Ijyb
  2697 | D:3      | Noticed a black bear
  2706 | D:3      | Killed a black bear
  2707 | D:3      | Reached skill level 6 in Axes
  2707 | D:3      | Reached XP level 6. HP: 19/35 MP: 10/10
  2897 | D:3      | 2897 ||| UPGRADING to +0 cloak.
  2902 | D:3      | 2902 ||| READING scroll labelled ICUL CESTAONK.
  2903 | D:3      | 2903 ||| READING scroll labelled LYFIOTS DEOPPIAQI.
  3023 | D:3      | 3023 ||| DRINKING 2 emerald potions.
  3024 | D:3      | 3024 ||| READING 4 scrolls of identify.
  3024 | D:3      | 3024 ||| IDENTIFYING sedimented emerald potion
  3025 | D:3      | 3025 ||| READING 3 scrolls of identify.
  3025 | D:3      | 3025 ||| IDENTIFYING brown potion
  3026 | D:3      | 3026 ||| READING 2 scrolls of identify.
  3026 | D:3      | 3026 ||| IDENTIFYING white potion
  3027 | D:3      | 3027 ||| DROPPING potion of lignification.
  3028 | D:3      | 3028 ||| DROPPING potion of ambrosia.
  3043 | D:4      | 3043 ||| Stepping ~*~*~tactically~*~*~ (stealth).
  3067 | D:4      | Reached skill level 7 in Axes
  3146 | D:4      | 3146 ||| DROPPING +0 whip.
  3203 | D:4      | Found a staircase to the Ecumenical Temple.
  3204 | D:4      | 3204 ||| PLANNING TEMPLE
  3204 | D:4      | 3204 ||| UPGRADING to ring of resist corrosion.
  3210 | Temple   | Entered the Ecumenical Temple
  3352 | Temple   | Became a worshipper of Warmaster Okawaru
  3402 | Temple   | 3402 ||| PLANNING D:1-11
  3652 | D:4      | Reached skill level 3 in Fighting
  3652 | D:4      | Reached XP level 7. HP: 41/41 MP: 11/11
  3812 | D:4      | Reached skill level 3 in Armour
  3983 | D:4      | 3983 ||| DROPPING +0 flail.
  4244 | D:4      | 4244 ||| UPGRADING to +0 tower shield.
  4249 | D:4      | 4249 ||| UPGRADING to ring of protection from cold.
  4251 | D:4      | 4251 ||| READING scroll labelled RUNALU KA SORABB.
  4252 | D:4      | 4252 ||| READING scroll labelled QUPIBE ZOUHI.
  4312 | D:5      | Entered Level 5 of the Dungeon
  4327 | D:5      | 4327 ||| Stepping ~*~*~tactically~*~*~ (stealth).
  4328 | D:5      | 4328 ||| Stepping ~*~*~tactically~*~*~ (stealth).
  4329 | D:5      | 4329 ||| Stepping ~*~*~tactically~*~*~ (stealth).
  4331 | D:5      | 4331 ||| Stepping ~*~*~tactically~*~*~ (stealth).
  4336 | D:5      | Reached skill level 3 in Shields
  4336 | D:5      | Reached * piety under Okawaru
  4353 | D:5      | 4353 ||| INVOKING Heroism.
  4500 | D:5      | Reached skill level 1 in Invocations
  4530 | D:5      | Reached XP level 8. HP: 46/46 MP: 12/12
  4621 | D:5      | 4621 ||| INVOKING Heroism.
  4704 | D:5      | Identified the +1 pair of boots "Yzaezxuq" {rF++}
  4842 | D:5      | Found a glowing silver altar of Zin.
  4842 | D:5      | Found a white marble altar of Elyvilon.
  4842 | D:5      | Found a glowing golden altar of the Shining One.
  4933 | D:5      | 4933 ||| UPGRADING to amulet of the acrobat.
  4938 | D:5      | 4938 ||| UPGRADING to ring of poison resistance.
  4940 | D:5      | 4940 ||| UPGRADING to +4 ring of slaying {mikee}.
  5018 | D:6      | 5018 ||| INVOKING Heroism.
  5047 | D:6      | 5047 ||| Stepping ~*~*~tactically~*~*~ (hiding).
  5054 | D:6      | Reached skill level 3 in Invocations
  5320 | D:6      | Found Kyshaoc's General Store.
  5328 | D:6      | 5328 ||| BUYING potion of curing (30 gold).
  5328 | D:6      | Bought a potion of curing for 30 gold pieces
  5361 | D:6      | 5361 ||| Stepping ~*~*~tactically~*~*~ (stealth).
  5375 | D:6      | 5375 ||| Stepping ~*~*~tactically~*~*~ (hiding).
  5378 | D:6      | 5378 ||| INVOKING Heroism.
  5383 | D:6      | Reached ** piety under Okawaru
  5389 | D:6      | 5389 ||| Stepping ~*~*~tactically~*~*~ (stealth).
  5399 | D:6      | Found a blossoming altar of Fedhas.
  5403 | D:6      | 5403 ||| Stepping ~*~*~tactically~*~*~ (stealth).
  5602 | D:6      | 5602 ||| READING scroll of enchant armour.
  5602 | D:6      | 5602 ||| ENCHANTING +0 pair of gloves.
  5701 | D:6      | 5701 ||| Stepping ~*~*~tactically~*~*~ (stealth).
  5702 | D:6      | 5702 ||| Stepping ~*~*~tactically~*~*~ (stealth).
  5715 | D:6      | Reached skill level 6 in Shields
  5901 | D:6      | 5901 ||| DROPPING amulet of guardian spirit.
  5902 | D:6      | 5902 ||| READING 4 scrolls of identify.
  5902 | D:6      | 5902 ||| IDENTIFYING coppery potion
  5903 | D:6      | 5903 ||| DROPPING potion of berserk rage.
  5941 | D:7      | 5941 ||| STAIRDANCE
  5962 | D:7      | 5962 ||| Stepping ~*~*~tactically~*~*~ (stealth).
  5962 | D:7      | Noticed Pikel
  5963 | D:7      | 5963 ||| Stepping ~*~*~tactically~*~*~ (stealth).
  5965 | D:7      | 5965 ||| INVOKING Heroism.
  5969 | D:7      | 5969 ||| Stepping ~*~*~tactically~*~*~ (stealth).
  5970 | D:7      | 5970 ||| Stepping ~*~*~tactically~*~*~ (stealth).
  5971 | D:7      | 5971 ||| Stepping ~*~*~tactically~*~*~ (stealth).
  5978 | D:7      | Killed Pikel
  5979 | D:7      | Reached XP level 9. HP: 47/50 MP: 11/13
  6198 | D:7      | 6198 ||| Stepping ~*~*~tactically~*~*~ (stealth).
  6199 | D:7      | 6199 ||| Stepping ~*~*~tactically~*~*~ (stealth).
  6218 | D:7      | 6218 ||| Stepping ~*~*~tactically~*~*~ (stealth).
  6391 | D:7      | 6391 ||| Stepping ~*~*~tactically~*~*~ (stealth).
  6393 | D:7      | 6393 ||| Stepping ~*~*~tactically~*~*~ (stealth).
  6396 | D:7      | 6396 ||| Stepping ~*~*~tactically~*~*~ (hiding).
  6566 | D:7      | Noticed Joseph
  6567 | D:7      | 6567 ||| Stepping ~*~*~tactically~*~*~ (hiding).
  6579 | D:7      | 6579 ||| INVOKING Heroism.
  6584 | D:7      | HP: 6/50 [Joseph/+6 spectral quarterstaff (8)]
  6585 | D:7      | 6585 ||| READING scroll of teleportation.
  6586 | D:7      | 6586 ||| DRINKING potion of heal wounds.
  6707 | D:7      | 6707 ||| INVOKING Heroism.
  6711 | D:7      | Killed Joseph
  6712 | D:7      | Reached skill level 8 in Axes
  6910 | D:7      | 6910 ||| INVOKING Heroism.
  6945 | D:7      | Noticed a deep elf pyromancer
  6946 | D:7      | 6946 ||| Stepping ~*~*~tactically~*~*~ (hiding).
  6956 | D:7      | 6956 ||| INVOKING Heroism.
  6957 | D:7      | HP: 3/50 [fire elemental[a deep elf pyromancer] (11)]
  6958 | D:7      | Killed a deep elf pyromancer
  6958 | D:7      | Reached *** piety under Okawaru
  6959 | D:7      | Reached skill level 9 in Shields
  7458 | D:7      | 7458 ||| Stepping ~*~*~tactically~*~*~ (hiding).
  7591 | D:7      | 7591 ||| READING scroll labelled NECVICV DODI.
  7592 | D:7      | 7592 ||| READING 3 scrolls of identify.
  7592 | D:7      | 7592 ||| IDENTIFYING red potion
  7593 | D:7      | 7593 ||| DROPPING potion of brilliance.
  7623 | D:8      | 7623 ||| PLANNING OSSUARY
  7627 | D:8      | 7627 ||| Stepping ~*~*~tactically~*~*~ (hiding).
  7628 | D:8      | 7628 ||| Stepping ~*~*~tactically~*~*~ (hiding).
  7672 | D:8      | 7672 ||| INVOKING Heroism.
  7675 | D:8      | Reached skill level 9 in Axes
  7675 | D:8      | Reached XP level 10. HP: 31/56 MP: 11/14
  8152 | D:8      | Found a sacrificial altar of Ru.
  8157 | D:8      | Found a radiant altar of Vehumet.
  8160 | D:8      | Found a stormy altar of Qazlal.
  8326 | D:8      | 8326 ||| Stepping ~*~*~tactically~*~*~ (hiding).
  8332 | D:8      | 8332 ||| INVOKING Heroism.
  8362 | D:8      | 8362 ||| RIP OSSUARY
  8484 | D:8      | 8484 ||| PLANNING D:1-11
  8899 | D:8      | 8899 ||| UPGRADING to +0 plate armour.
  8909 | D:8      | 8909 ||| DROPPING +2 chain mail of positive energy.
  8910 | D:8      | 8910 ||| READING scroll labelled NAMOAZX AFFEO.
  8911 | D:8      | 8911 ||| READING 3 scrolls of identify.
  8911 | D:8      | 8911 ||| IDENTIFYING cyan potion
  8912 | D:8      | 8912 ||| DROPPING potion of flight.
  8927 | D:9      | Noticed a two-headed ogre
  8928 | D:9      | 8928 ||| INVOKING Heroism.
  8936 | D:9      | Killed a two-headed ogre
  9054 | D:9      | 9054 ||| Stepping ~*~*~tactically~*~*~ (stealth).
  9062 | D:9      | Reached skill level 10 in Axes
  9064 | D:9      | 9064 ||| Stepping ~*~*~tactically~*~*~ (stealth).
  9068 | D:9      | 9068 ||| INVOKING Heroism.
  9226 | D:9      | Found a snail-covered altar of Cheibriados.
  9430 | D:9      | 9430 ||| Stepping ~*~*~tactically~*~*~ (stealth).
  9431 | D:9      | 9431 ||| Stepping ~*~*~tactically~*~*~ (stealth).
  9439 | D:9      | Noticed a boulder beetle
  9441 | D:9      | 9441 ||| INVOKING Heroism.
  9460 | D:9      | 9460 ||| INVOKING Heroism.
  9475 | D:9      | Killed a boulder beetle
  9475 | D:9      | Reached **** piety under Okawaru
  9529 | D:9      | 9529 ||| Stepping ~*~*~tactically~*~*~ (stealth).
  9625 | D:9      | 9625 ||| INVOKING Heroism.
  9751 | D:9      | 9751 ||| INVOKING Heroism.
  9876 | D:9      | Found a shadowy altar of Dithmenos.
  9946 | D:9      | 9946 ||| INVOKING Heroism.
 10149 | D:9      | Noticed a two-headed ogre
 10150 | D:9      | 10150 ||| INVOKING Heroism.
 10156 | D:9      | Killed a two-headed ogre
 10328 | D:9      | 10328 ||| READING scroll labelled FORUIGI ICOICW.
 10328 | D:9      | Identified a scroll of acquirement
 10328 | D:9      | 10328 ||| ACQUIRING +14 crystal plate armour "Dami Lit"
                  | {rN+ Will+ MP+9}
 10328 | D:9      | Acquired the +14 crystal plate armour "Dami Lit" {rN+ Will+
                  | MP+9}
 10330 | D:9      | 10330 ||| UPGRADING to +14 crystal plate armour "Dami Lit"
                  | {rN+ Will+ MP+9}.
 10340 | D:9      | 10340 ||| DROPPING +0 plate armour.
 10412 | D:10     | Entered Level 10 of the Dungeon
 10417 | D:10     | 10417 ||| Stepping ~*~*~tactically~*~*~ (stealth).
 10423 | D:10     | 10423 ||| INVOKING Heroism.
 10425 | D:10     | Reached XP level 11. HP: 63/63 MP: 15/15
 10441 | D:10     | Reached ***** piety under Okawaru
 10442 | D:10     | Reached skill level 6 in Armour
 10467 | D:10     | Found a staircase to the Lair.
 10617 | D:10     | Noticed a boulder beetle
 10618 | D:10     | 10618 ||| INVOKING Heroism.
 10619 | D:10     | 10619 ||| INVOKING Finesse.
 10641 | D:10     | Killed a boulder beetle
 10667 | D:10     | Noticed a two-headed ogre
 10668 | D:10     | 10668 ||| INVOKING Heroism.
 10677 | D:10     | Killed a two-headed ogre
 10677 | D:10     | Received a gift from Okawaru
 10678 | D:10     | Reached skill level 6 in Invocations
 10698 | D:10     | Found a staircase to the Orcish Mines.
 10707 | D:10     | 10707 ||| Stepping ~*~*~tactically~*~*~ (hiding).
 10708 | D:10     | 10708 ||| Stepping ~*~*~tactically~*~*~ (hiding).
 10709 | D:10     | 10709 ||| Stepping ~*~*~tactically~*~*~ (hiding).
 10715 | D:10     | 10715 ||| INVOKING Heroism.
 11025 | D:10     | Noticed Erolcha
 11026 | D:10     | 11026 ||| INVOKING Heroism.
 11027 | D:10     | 11027 ||| INVOKING Finesse.
 11034 | D:10     | Killed Erolcha
 11034 | D:10     | Received a gift from Okawaru
 11274 | D:10     | Found a transporter.
 11303 | D:10     | Found a corrupted altar of Lugonu.
 11358 | D:10     | 11358 ||| Stepping ~*~*~tactically~*~*~ (stealth).
 11361 | D:10     | 11361 ||| INVOKING Heroism.
 11381 | D:10     | Found a transporter.
 11384 | D:10     | Found a transporter.
 11384 | D:10     | Noticed a green ugly thing
 11385 | D:10     | Noticed a purple ugly thing
 11428 | D:10     | Found a transporter.
 11505 | D:10     | 11505 ||| READING scroll labelled OGULER XOSS.
 11506 | D:10     | 11506 ||| DRINKING 3 glowing blue potions.
 11559 | D:10     | 11559 ||| READING 2 scrolls of teleportation.
 11560 | D:10     | 11560 ||| STAIRDANCE
 11643 | D:10     | 11643 ||| READING scroll of teleportation.
 11644 | D:10     | 11644 ||| STAIRDANCE
 11692 | D:11     | 11692 ||| INVOKING Heroism.
 11693 | D:11     | 11693 ||| STAIRDANCE
 11701 | D:11     | 11701 ||| STAIRDANCE
 11710 | D:11     | 11710 ||| INVOKING Heroism.
 11714 | D:11     | Reached skill level 3 in Throwing
 11812 | D:11     | 11812 ||| Stepping randomly (stuck).
 11813 | D:11     | 11813 ||| Stepping randomly (stuck).
 11814 | D:11     | 11814 ||| Stepping randomly (stuck).
 11817 | D:11     | 11817 ||| Stepping randomly (stuck).
 11818 | D:11     | Found a corrupted altar of Lugonu.
 11819 | D:11     | 11819 ||| Stepping randomly (stuck).
 11820 | D:11     | 11820 ||| Stepping randomly (stuck).
 11821 | D:11     | 11821 ||| Stepping randomly (stuck).
 11823 | D:11     | 11823 ||| Stepping randomly (stuck).
 11831 | D:11     | 11831 ||| Stepping randomly (stuck).
 11835 | D:11     | 11835 ||| INVOKING Heroism.
 11919 | D:11     | Received a gift from Okawaru
 12002 | D:11     | Noticed a cyclops
 12003 | D:11     | 12003 ||| INVOKING Heroism.
 12010 | D:11     | Killed a cyclops
 12124 | D:11     | 12124 ||| INVOKING Heroism.
 12151 | D:11     | 12151 ||| INVOKING Heroism.
 12153 | D:11     | Reached skill level 11 in Axes
 12371 | D:11     | 12371 ||| Stepping ~*~*~tactically~*~*~ (hiding).
 12379 | D:11     | 12379 ||| INVOKING Heroism.
 12565 | D:11     | 12565 ||| Stepping ~*~*~tactically~*~*~ (hiding).
 13008 | D:11     | 13008 ||| DROPPING ring of wizardry.
 13009 | D:11     | 13009 ||| READING scroll labelled KUWKOU ZEALUG.
 13024 | D:10     | 13024 ||| INVOKING Heroism.
 13030 | D:10     | Killed from afar by a gargoyle

Levels and vault maps discovered:
D:1:      heliophobic_arrival_enchanted_forest, layout_basic, serial_shops,
          shop_statue, shop_fountains, nicolae_square_shop, shop_statue,
          nicolae_shop_advertising_works [nicolae_subvault_shop_adworks],
          amcnicky_mini_pool_small
D:2:      layout_basic
D:3:      layout_basic, uniq_ijyb
D:4:      layout_loops_corners, minmay_temple_entry_hall, kennysheep_orc_chapel
D:5:      layout_cave_pools, dreamdust_divine_triumvirate,
          nicolae_zen_rock_garden
D:6:      layout_gridville, serial_shops, shop, minmay_ruined_shrine
D:7:      layout_loops_corners, uniq_pikel, uniq_joseph
D:8:      layout_basic, minmay_overflow_temple_star_quad, enter_ossuary_4
D:9:      layout_stronghold, nicolae_overflow_crystal_walls,
          nicolae_dithmenos_through_a_glass_darkly
D:10:     gammafunk_corrupted_shrine, layout_basic, lair_entry_dummy,
          minmay_orc_entry_temple_small, nicolae_diode_stairs, uniq_erolcha
D:11:     kennysheep_kobold_lugonu_temple, layout_basic, kennysheep_path_1,
          hex_medium
Temple:   eino_narrow_crystal_temple

Skill      XL: |  1  2  3  4  5  6  7  8  9 10 11 |
---------------+----------------------------------+-----
Axes           | 3 4 5 6 7 9 10 11 | 11.0
Armour         | 2 3 5 7 |  7.3
Fighting       | 3 5 |  5.1
Shields        | 4 7 9 10 | 10.4
Invocations    | 1 4 5 8 |  8.1
Throwing       | 3 |  3.0
Dodging        | |  2.1
Spellcasting   | |  2.0
Translocations | |  2.4

Action                   |  1- 3 |  4- 6 |  7- 9 | 10-12 || total
-------------------------+-------+-------+-------+-------++-------
Melee: Hand axe          |    73 |    72 |   139 |   299 ||   583
       Kick              |    16 |    16 |    49 |   119 ||   200
       Peck              |     3 |    10 |    32 |    66 ||   111
Throw: Boomerang         |     7 |       |    60 |    38 ||   105
       Javelin           |       |       |       |     9 ||     9
Invok: Heroism           |       |       |    10 |    23 ||    33
       Finesse           |       |       |       |     2 ||     2
  Use: Scroll            |     8 |     6 |     7 |     7 ||    28
       Potion            |     1 |     2 |     1 |     1 ||     5
Armor: Leather armour    |     8 |       |       |       ||     8
       Chain mail        |    26 |    33 |    37 |    14 ||   110
       Plate armour      |       |       |       |    22 ||    22
       Crystal plate arm |       |       |       |   106 ||   106
Dodge: Dodged            |    26 |    17 |    34 |    26 ||   103
Block: Tower shield      |       |       |    85 |   242 ||   327

Table legend:
 A = Non-vault XP
 B = Vault XP
 C = Vault XP percentage of total XP
 D = Non-vault monster count
 E = Vault monster count
 F = Vault count percentage of total count
                 A         B        C        D         E       F
            +---------+---------+-------+---------+---------+-------
      Total |   14791 |    3555 |  19.4 |     176 |      27 |  13.3
            +---------+---------+-------+---------+---------+-------
        D:1 |      34 |       0 |   0.0 |      21 |       0 |   0.0
        D:2 |      35 |       0 |   0.0 |      14 |       0 |   0.0
        D:3 |     300 |      36 |  10.7 |      19 |       1 |   5.0
        D:4 |     292 |      47 |  13.9 |      17 |       3 |  15.0
        D:5 |     772 |       0 |   0.0 |      14 |       0 |   0.0
        D:6 |     400 |     258 |  39.2 |       9 |       5 |  35.7
        D:7 |    1225 |    1072 |  46.7 |      13 |       2 |  13.3
        D:8 |     994 |       2 |   0.2 |      14 |       2 |  12.5
        D:9 |    3714 |       0 |   0.0 |      21 |       0 |   0.0
       D:10 |    3581 |    1022 |  22.2 |      14 |      11 |  44.0
       D:11 |    3444 |    1118 |  24.5 |      20 |       3 |  13.0
            +---------+---------+-------+---------+---------+-------
